[Event "*** Qualifier 3: Titled Tuesday 3|2 Blitz"]
[Site "Chess.com"]
[Date "2017.04.18"]
[Round "2"]
[White "GMMarcinDziuba"]
[Black "Konavets"]
[Result "0-1"]
[WhiteElo "2527"]
[BlackElo "2615"]
[TimeControl "180+2"]
[EndTime "13:23:38 PDT"]
[Termination "Konavets won by resignation"]

1. d4 Nf6 2. c4 c5 3. d5 e6 4. Nc3 exd5 5. cxd5 Bd6 6. g3 O-O 7. Bg2 a6 8. Nf3 Re8 9. O-O b5 10. Nh4 Bb7 11. Re1 Be5 12. e4 d6 13.
Qc2 Nbd7 14. Bg5 h6 15. Bd2 Nb6 16. Nf3 Nc4 17. Nxe5 dxe5 18. Bc1 Nd6 19. b3 Rc8 20. h3 b4 21. Na4 c4 22. Be3 cxb3 23. Qb1 bxa2 24.
Rxa2 a5 25. Bb6 Qd7 26. Bxa5 b3 27. Qxb3 Ndxe4 28. Nb6 Qf5 29. g4 Qf4 30. Ra4 Qxf2+ 31. Kh1 Rc2 32. Qf3 Ng3+ 33. Kh2 Qxf3 0-1

[Event "*** Qualifier 3: Titled Tuesday 3|2 Blitz"]
[Site "Chess.com"]
[Date "2017.04.18"]
[Round "2"]
[White "NowInChess"]
[Black "brauliocuarta"]
[Result "0-1"]
[WhiteElo "1984"]
[BlackElo "2134"]
[TimeControl "180+2"]
[EndTime "13:23:39 PDT"]
[Termination "brauliocuarta won on time"]

1. e4 c5 2. d3 e6 3. g3 b6 4. Bg2 Bb7 5. f4 d6 6. Nf3 Nd7 7. O-O Qc7 8. c3 Ngf6 9. a4 a6 10. h3 c4 11. e5 dxe5 12. fxe5 Nxe5 13. Bf4 Nxf3+ 14. Bxf3 Qc8 15. dxc4 Bc5+ 16. Kh2 O-O 17. b4 Be7 18. Nd2 Rd8 19. Qe2 h6 20. Rae1 a5 21. b5 Nd7 22. Ne4 Nc5 23. Nxc5 Bxf3 24. Qxf3 Qxc5 25. Qe4 Bf6 26. Bxh6 gxh6 27. Rxf6 Rd2+ 28.
Re2 Rad8 29. Qg4+ Kf8 0-1

[Event "*** Qualifier 3: Titled Tuesday 3|2 Blitz"]
[Site "Chess.com"]
[Date "2017.04.18"]
[Round "2"]
[White "yurisolo"]
[Black "MartinMatthiesen"]
[Result "1-0"]
[WhiteElo "2459"]
[BlackElo "2230"]
[TimeControl "180+2"]
[EndTime "13:23:46 PDT"]
[Termination "yurisolo won by resignation"]

1. e4 e5 2. Nf3 Nc6 3. Bb5 a6 4.
Ba4 Nf6 5. O-O Be7 6. Re1 b5 7.
Bb3 O-O 8. a4 b4 9. d3 Bc5 10.
a5 h6 11. Nbd2 d6 12. Nc4 Be6 13. h3 Rb8 14. Ba4 Bxc4 15. Bxc6 Bb5 16. Bxb5 Rxb5 17. c4 bxc3 18. bxc3 c6 19. d4 Ba7 20. Qa4 exd4 21. Nxd4 Bxd4 22. cxd4 d5 23. e5 Ne4 24. Be3 Qe7 25. Qc2 Rc8 26. f3 Ng5 27. f4 Ne4 28. f5 f6 29. e6 Qb4 30. Reb1 Qc3 31. Qxc3 Nxc3 32. Rxb5 cxb5 33. g4 Kf8 34. Bd2 Ke7 35. Kf1 Na4 36. Bb4+ Ke8 37. Ke2 Rc4 38. Bd6 Rxd4 39.
Rc1 Rc4 40. Rg1 Rc3 41. h4 Rh3 42. g5 Nc3+ 43. Ke1 hxg5 44. hxg5 Ne4 45. gxf6 Nxf6 46. Rxg7 Rh5 47. Rf7 1-0

[Event "*** Qualifier 3: Titled Tuesday 3|2 Blitz"]
[Site "Chess.com"]
[Date "2017.04.18"]
[Round "2"]
[White "MatBobula"]
[Black "armago"]
[Result "1-0"]
[WhiteElo "2333"]
[BlackElo "2162"]
[TimeControl "180+2"]
[EndTime "13:23:49 PDT"]
[Termination "MatBobula won by resignation"]

1. d4 Nf6 2. c4 g6 3. Nf3 d5 4.
cxd5 Nxd5 5. e4 Nb6 6. Nc3 Bg7 7. h3 O-O 8. Be2 Nc6 9. Be3 Na5 10. O-O Nac4 11. Bxc4 Nxc4 12. Qe2 Nxe3 13. Qxe3 c5 14. dxc5 Qa5 15. Rac1 Be6 16. a3 Rfc8 17. Nd1 b6 18. b4 Qb5 19. Nc3 Qa6 20. Nd5 Bxd5 21. exd5 bxc5 22. Rxc5 Rd8 23. Rfc1 Rd7 24. Ne5 Bxe5 25.
Qxe5 Rad8 26. R1c3 Qb7 27. Rc7 Qa6 28. Rxd7 Rxd7 29.
Rc5 f6 30. Qe6+ Qxe6 31. dxe6 Rd1+ 32. Kh2 Rd6 33. Rc7 Ra6 34. Rxe7 Rxa3 35. Rb7 Rb3 36. Rb8+ Kg7 37. e7 1-0

[Event "*** Qualifier 3: Titled Tuesday 3|2 Blitz"]
[Site "Chess.com"]
[Date "2017.04.18"]
[Round "2"]
[White "aa175"]
[Black "hsskoo"]
[Result "0-1"]
[WhiteElo "1842"]
[BlackElo "1959"]
[TimeControl "180+2"]
[EndTime "13:23:50 PDT"]
[Termination "hsskoo won on time"]

1. e4 e5 2. Nf3 Nf6 3. Nc3 Nc6 4. Bc4 Bc5 5. d3 O-O 6. O-O h6 7. h3 d6 8. a3 a6 9. Be3 Ba7 10. b4 Be6 11. Nd5 Bxd5 12. Bxd5 Nxd5 13. exd5 Ne7 14. Bxa7 Rxa7 15. c4 Ng6 16. Nd2 Nf4 17. Nb3 Qg5 18. Qf3 f5 19. Kh2 Qh4 20. c5 Rf6 21. Rg1 Ra8 22. Rad1 Raf8 23. Qg3 Qh5 24. Qf3 Qg5 25. Qg3 Qh5 26. Qf3 Qf7 27. d4 Ng6 28. cxd6 cxd6 29. dxe5 Nxe5 30. Qc3 f4 31. f3 Rg6 32. Rge1 Qf5 33. Nd4 Qg5 34. Rd2 Qg3+ 35. Kh1 Qxe1+ 36. Kh2 Qg3+ 37. Kh1 Re8 38. Qb3 Kh7 39.
Qc3 Rf8 40. Rc2 Rg5 41. Rd2 Rh5 42. Qc2+ Kh8 0-1

[Event "*** Qualifier 3: Titled Tuesday 3|2 Blitz"]
[Site "Chess.com"]
[Date "2017.04.18"]
[Round "2"]
[White "Indianlad"]
[Black "biostatistician"]
[Result "1-0"]
[WhiteElo "2728"]
[BlackElo "2473"]
[TimeControl "180+2"]
[EndTime "13:23:52 PDT"]
[Termination "Indianlad won by resignation"]

1. e4 e6 2. d4 d5 3. Nd2 Nc6 4.
Ngf3 Nf6 5. exd5 exd5 6. Bb5 Bd7 7. O-O Be7 8. Bxc6 Bxc6 9. Ne5 O-O 10. Nxc6 bxc6 11.
Re1 c5 12. dxc5 Bxc5 13. Nb3 Bb6 14. Be3 Re8 15. Qd3 Qd6 16. h3 Re4 17. Nd2 Re6 18. Bd4 Rae8 19. Rxe6 Rxe6 20. Nf3 Ne4 21. Rd1 h6 22.
Bxb6 axb6 23. Qxd5 Qb4 24. Qd8+ Kh7 25. Qxc7 Qxb2 26.
Qxf7 Rf6 27. Qc4 Nc3 28. Qd3+ Kh8 29. Re1 Rf8 30. Ne5 Rb8 31. Nf7+ Kg8 32. Nxh6+ gxh6 33. Qg6+ Kh8 34. Qxh6+ Kg8 35. Qg5+ Kh8 36. Re7 Ne2+ 37.
Kh2 1-0

[Event "*** Qualifier 3: Titled Tuesday 3|2 Blitz"]
[Site "Chess.com"]
[Date "2017.04.18"]
[Round "2"]
[White "pedromartinez91"]
[Black "Gulkov_Igor"]
[Result "1-0"]
[WhiteElo "2334"]
[BlackElo "2319"]
[TimeControl "180+2"]
[EndTime "13:23:52 PDT"]
[Termination "pedromartinez91 won by resignation"]

1. d4 Nf6 2. Nf3 g6 3. Bf4 Bg7 4. e3 d6 5. h3 O-O 6. Be2 c5 7. c3 b6 8. a4 Ba6 9. Bxa6 Nxa6 10. O-O Qc8 11. Nbd2 Qb7 12. Qe2 Rac8 13. Bh2 Nc7 14. Rfe1 Ne6 15. Qd3 d5 16. Ne5 Ne4 17. Nxe4 dxe4 18.
Qb5 f6 19. Nc4 Rfd8 20. Qb3 Qd5 21. Nd2 Qxb3 22. Nxb3 f5 23. Rad1 cxd4 24. exd4 Rc4 25. Ra1 a6 26. f3 Bh6 27. fxe4 f4 28. Nd2 Rcc8 29. Nf3 g5 30. g3 Rf8 31. gxf4 Nxf4 32. Bxf4 Rxf4 33. Ne5 Bg7 34. Nd7 Rc6 35. e5 Rh6 36.
Re3 g4 37. Kg2 1-0

[Event "*** Qualifier 3: Titled Tuesday 3|2 Blitz"]
[Site "Chess.com"]
[Date "2017.04.18"]
[Round "2"]
[White "chipmunknau"]
[Black "saraswathii"]
[Result "0-1"]
[WhiteElo "2398"]
[BlackElo "2247"]
[TimeControl "180+2"]
[EndTime "13:23:59 PDT"]
[Termination "saraswathii won by resignation"]

1. Nf3 d5 2. g3 Bf5 3. Bg2 Nf6 4.
O-O Nbd7 5. d3 e5 6. Nc3 c6 7.
Nh4 Be6 8. e4 d4 9. Ne2 Be7 10.
f4 exf4 11. Nxf4 O-O 12. Nxe6 fxe6 13. Bh3 e5 14. Nf5 c5 15. c4 dxc3 16. bxc3 c4 17.
Be3 Bc5 18. d4 Bb6 19. Qc2 Kh8 20. Rad1 exd4 21. Bxd4 Qe8 22. Rde1 Ne5 23. Kh1 Rd8 24. Qe2 Nd3 25. e5 Nxe1 26. exf6 Bxd4 27. Qxe8 Rdxe8 28.
Nxd4 Rxf6 29. Rxf6 gxf6 30. Bd7 Re3 31. Nb5 a6 32. Nd6 Rxc3 33. Nxb7 Rc1 34. Kg1 Nd3+ 35. Kg2 Rc2+ 36. Kf3 Ne5+ 0-1

[Event "*** Qualifier 3: Titled Tuesday 3|2 Blitz"]
[Site "Chess.com"]
[Date "2017.04.18"]
[Round "2"]
[White "NMJeevanK"]
[Black "RobertoJBM"]
[Result "1/2-1/2"]
[WhiteElo "2188"]
[BlackElo "2396"]
[TimeControl "180+2"]
[EndTime "13:24:03 PDT"]
[Termination "Game drawn by repetition"]

1. e4 c6 2. d4 d5 3. Nc3 dxe4 4.
Nxe4 Nd7 5. Ng3 Ngf6 6. c3 e6 7. Nf3 c5 8. h3 b6 9. Be2 Bb7 10. Be3 Qc7 11. O-O Bd6 12. dxc5 Nxc5 13. Bxc5 Qxc5 14. Qd4 Qxd4 15. Nxd4 O-O-O 16. Rad1 a6 17. Rd3 Rd7 18. Rfd1 Rhd8 19. Nf1 Be5 20. Nb3 Rxd3 21. Bxd3 Kc7 22. Ne3 Bf4 23. Bc2 Bxe3 24. fxe3 Rxd1+ 25. Bxd1 Bd5 26. Bc2 a5 27. Nc1 Be4 28. Ba4 Nd5 29.
Be8 f6 30. Kf2 Kd6 31. Ne2 e5 32. Nc1 Bc2 33. Bf7 Ne7 34. Ne2 Be4 35. c4 Bd3 36.
Nc3 Kc6 37. e4 Nc8 38. Ke3 Bf1 39. Kf2 Bd3 40. Ke3 Bf1 41. Kf2 Bd3 42. Ke3 Bf1 43.
Kf2 Bd3 44. Ke3 Bf1 1/2-1/2

[Event "*** Qualifier 3: Titled Tuesday 3|2 Blitz"]
[Site "Chess.com"]
[Date "2017.04.18"]
[Round "2"]
[White "Izoria123"]
[Black "Bugcrusher"]
[Result "1-0"]
[WhiteElo "2640"]
[BlackElo "2505"]
[TimeControl "180+2"]
[EndTime "13:24:05 PDT"]
[Termination "Izoria123 won by resignation"]

1. Nf3 Nf6 2. c4 e6 3. g3 b6 4. Bg2 Bb7 5. O-O c5 6. Nc3 Be7 7. d4 cxd4 8. Qxd4 d6 9. Bg5 a6 10. Bxf6 Bxf6 11. Qf4 Be7 12. Rfd1 O-O 13. Ne4 Bxe4 14. Qxe4 Ra7 15. Nd4 Qc8 16. b3 g6 17. a4 Bf6 18. Ra2 Rd8 19. e3 Rc7 20. Qb1 Rc5 21. h4 Nd7 22. Rad2 Qc7 23. Qa2 Bg7 24. Nc2 Ne5 25. Nb4 a5 26. Na6 Qc8 27.
Nxc5 Qxc5 28. Qb1 h5 29. Qe4 Ng4 30. Qc6 Qb4 31. Qb5 Qc3 32. Bf3 Ne5 33. Be2 g5 34. Qxb6 Bf6 35. hxg5 Bxg5 36. Qd4 Qb4 37. c5 Qb8 38.
cxd6 Bf6 39. Qe4 Qxb3 40. Bxh5 Bg7 41. Be2 Qb6 42. d7 Qc7 43. Rc2 Qa7 44. Bb5 Ng6 45.
Rc8 1-0

[Event "*** Qualifier 3: Titled Tuesday 3|2 Blitz"]
[Site "Chess.com"]
[Date "2017.04.18"]
[Round "2"]
[White "sorito"]
[Black "underdogchss"]
[Result "1/2-1/2"]
[WhiteElo "2424"]
[BlackElo "2422"]
[TimeControl "180+2"]
[EndTime "13:24:15 PDT"]
[Termination "Game drawn by agreement"]

1. d4 Nf6 2. Nf3 e6 3. e3 d5 4. Bd3 c5 5. b3 cxd4 6. exd4 Bb4+ 7. c3 Be7 8. O-O O-O 9. Nbd2 b6 10.
Bb2 Ba6 11. c4 Nc6 12. Rc1 Rc8 13. Re1 Re8 14. a3 Na5 15. Qe2 g6 16. Ne5 Bf8 17.
h3 Bh6 18. Nef3 Nh5 19. g3 Nf6 20. c5 Bxd3 21. Qxd3 Ne4 22. b4 Nxd2 23. Nxd2 Bxd2 24. Qxd2 Nb3 25. Qd3 Nxc1 26. Rxc1 Qd7 27. b5 bxc5 28.
dxc5 e5 29. c6 Qe6 30. h4 d4 31.
a4 Red8 32. Qe4 f5 33. Qc2 Qd5 34. h5 e4 35. hxg6 hxg6 36. Qc5 Qxc5 37. Rxc5 d3 38.
Rc1 d2 39. Rd1 Rd3 40. Kf1 Rcd8 41. Bf6 R8d5 42. Bg5 Ra3 43. Rxd2 Rxd2 44. Bxd2 Rxa4 45. Be3 Rb4 46. c7 Rc4 47. Bxa7 Rxc7 48. Be3 Rc2 49. b6 Rb2 50. Kg2 Kf7 51. Kh3 g5 52. Bxg5 Rxb6 53.
Be3 Kg6 54. g4 fxg4+ 55. Kxg4 Rf6 56. Kg3 Rf3+ 57. Kg4 1/2-1/2

[Event "*** Qualifier 3: Titled Tuesday 3|2 Blitz"]
[Site "Chess.com"]
[Date "2017.04.18"]
[Round "2"]
[White "superjem123"]
[Black "Sanan_Sjugirov"]
[Result "1-0"]
[WhiteElo "2528"]
[BlackElo "2656"]
[TimeControl "180+2"]
[EndTime "13:24:17 PDT"]
[Termination "superjem123 won on time"]

1. c4 Nf6 2. g3 e6 3. Nf3 d5 4. d4 Bb4+ 5. Bd2 Be7 6. Bg2 O-O 7.
O-O c6 8. b3 b6 9. Bc3 a5 10.
Nbd2 Ba6 11. Qc2 Nbd7 12. e4 b5 13. e5 Ne8 14. Rfc1 b4 15. Bb2 Rc8 16. a3 Nc7 17. Nf1 bxa3 18. Bxa3 c5 19. dxc5 Nxc5 20. Bxc5 Bxc5 21.
Rxa5 Bb6 22. Ra4 dxc4 23. bxc4 Qe7 24. c5 Ba7 25. Nd4 Bxf1 26. Nc6 Qd7 27. Rxf1 Bb8 28. Rd1 Nd5 29. Nxb8 Rxb8 30. c6 Qc8 31. Bxd5 exd5 32.
Rxd5 g6 33. c7 Rb7 34. Rc4 Ra7 35. h4 Re8 36. Rd8 Ra1+ 37. Kh2 1-0

[Event "*** Qualifier 3: Titled Tuesday 3|2 Blitz"]
[Site "Chess.com"]
[Date "2017.04.18"]
[Round "2"]
[White "Kacparov"]
[Black "Iball95"]
[Result "0-1"]
[WhiteElo "2600"]
[BlackElo "2541"]
[TimeControl "180+2"]
[EndTime "13:24:17 PDT"]
[Termination "Iball95 won by resignation"]

1. e4 c6 2. d4 d5 3. Nc3 dxe4 4. Nxe4 Bf5 5. Ng3 Bg6 6. Nh3 Nd7 7. Nf4 Ngf6 8. h4 e5 9. dxe5 Nxe5 10. Qe2 Qe7 11.
Nxg6 hxg6 12. Bf4 Qb4+ 13. Bd2 Qxb2 14. Rd1 O-O-O 15. f3 Rxd2 16. Rxd2 Bb4 17. Kf2 Bc5+ 18. Ke1 Re8 19. Ne4 Nxe4 20. fxe4 Bb4 21. Kf2 Bxd2 22. Qxd2 Ng4+ 23. Kg3 Rxe4 24. Qd6 Qe5+ 25. Qxe5 Nxe5 26. h5 Rg4+ 27. Kf2 gxh5 28. Rxh5 f6 29. Be2 Ra4 30. Rh8+ Kc7 31. Rh7 Rxa2 32. Rxg7+ Kb6 33. c3 a5 34. Ke3 a4 35. Rg8 Rc2 36. Ra8 Rxc3+ 37. Kd4 Rg3 38.
Rxa4 Rxg2 39. Ke3 Rg3+ 40. Kf2 Rc3 41. Rf4 Nd7 42. Bg4 Ne5 43. Be2 Nd3+ 44. Bxd3 Rxd3 45. Rxf6 Kc5 46. Ke2 Rd5 47. Rf3 b5 48. Rc3+ Kb6 49.
Rb3 c5 50. Rb1 b4 0-1

[Event "*** Qualifier 3: Titled Tuesday 3|2 Blitz"]
[Site "Chess.com"]
[Date "2017.04.18"]
[Round "2"]
[White "Jamaladam12200620"]
[Black "PHOENIXME"]
[Result "1-0"]
[WhiteElo "1977"]
[BlackElo "1908"]
[TimeControl "180+2"]
[EndTime "13:24:23 PDT"]
[Termination "Jamaladam12200620 won by checkmate"]

1. e4 e6 2. d4 d5 3. Nd2 c5 4. c3 Nc6 5. Ngf3 Qb6 6. Nb3 dxe4 7. dxc5 Qc7 8. Nfd4 Nf6 9. Be2 Bd7 10. O-O Be7 11.
Bg5 O-O 12. Qc2 Nxd4 13. cxd4 Bc6 14. Nd2 Rfd8 15. Be3 Rac8 16. b4 a6 17. Nc4 Nd5 18. a3 Bf6 19. Rfd1 b5 20. Nd2 Ne7 21. Nxe4 Bxe4 22. Qxe4 Nf5 23. g4 Nxe3 24. fxe3 Rd5 25. Rf1 Rcd8 26. Bd3 Kf8 27. Qxh7 Rxd4 28. exd4 Rxd4 29.
Be4 Qe5 30. Rad1 g6 31. Rxd4 Qxd4+ 32. Rf2 Bg5 33. Qxf7# 1-0

[Event "*** Qualifier 3: Titled Tuesday 3|2 Blitz"]
[Site "Chess.com"]
[Date "2017.04.18"]
[Round "2"]
[White "penguingm1"]
[Black "alekroth64"]
[Result "1-0"]
[WhiteElo "2557"]
[BlackElo "2261"]
[TimeControl "180+2"]
[EndTime "13:24:38 PDT"]
[Termination "penguingm1 won by resignation"]

1. d4 Nf6 2. c4 e6 3. Nc3 Bb4 4.
Qc2 d5 5. cxd5 Qxd5 6. Nf3 c5 7.
Bd2 Bxc3 8. bxc3 cxd4 9. cxd4 Nc6 10. e3 O-O 11. Bd3 e5 12. dxe5 Nxe5 13. Nxe5 Qxe5 14. Bc3 Qg5 15. O-O h6 16. Qb2 Nd5 17. Bd4 Be6 18. f4 Qg4 19. h3 Qh4 20. Bxg7 Rfd8 21. Bd4 Nxe3 22. Rf3 Nf5 23. Bf6 Qh5 24. g4 Qg6 25. Bxd8 Rxd8 26. Kh2 Qg7 27. Qxg7+ Nxg7 28. f5 Bd5 29. Re3 Bc6 30. Bc4 Ne8 31. Re7 Nd6 32. Rd1 Kf8 33. Ree1 Rd7 34. Bb3 a6 35. Kg3 Bb5 36.
h4 Bc6 37. Kf4 Rd8 38. g5 hxg5+ 39. hxg5 Rd7 40. Rd2 Kg7 41. Rh2 Ne8 42. Rxe8 Rd4+ 43.
Ke3 Re4+ 44. Rxe4 1-0

[Event "*** Qualifier 3: Titled Tuesday 3|2 Blitz"]
[Site "Chess.com"]
[Date "2017.04.18"]
[Round "2"]
[White "Schemato"]
[Black "Marcus_Harvey"]
[Result "0-1"]
[WhiteElo "2240"]
[BlackElo "2510"]
[TimeControl "180+2"]
[EndTime "13:24:47 PDT"]
[Termination "Marcus_Harvey won by resignation"]

1. c4 e6 2. Nc3 Nf6 3. e4 d5 4. e5 d4 5. exf6 dxc3 6. bxc3 Qxf6 7. Nf3 e5 8. d4 exd4 9. Bg5 Qe6+ 10. Be2 h6 11. Bh4 g5 12. Nxd4 Qf6 13. Bg3 Bd6 14. Nb5 Bxg3 15. hxg3 Na6 16. Qd4 Qxd4 17. cxd4 c6 18.
Nd6+ Ke7 19. Nxc8+ Raxc8 20. c5 Nc7 21. Rb1 Rb8 22. Kd2 Ne6 23. Kc3 b6 24. Kc4 Rhd8 25. Rhd1 bxc5 26. dxc5 Rxd1 27. Rxb8 Rc1+ 28. Kd3 Nxc5+ 29.
Kd2 Ra1 30. Bc4 Ne4+ 31. Ke3 Nd6 32. Bb3 c5 33. Ra8 c4 34. Rxa7+ Ke6 35. Bc2 Rg1 36. a4 Rxg2 37. a5 Rg1 38. Rc7 Re1+ 39. Kd4 Nb5+ 40. Kxc4 Nxc7 41. Kc5 Ra1 42. Kb6 Nd5+ 43. Kb5 Nc3+ 44. Kb6 Nd5+ 45. Kb5 Kd6 46. f4 Nc7+ 47. Kb6 gxf4 48. gxf4 Ra2 49. Bf5 Rb2+ 50. Ka7 Kc6 51. a6 Nb5+ 52. Ka8 Kb6 53. Bc8 Rd2 54. f5 Rd8 55. Kb8 Na7 0-1

[Event "*** Qualifier 3: Titled Tuesday 3|2 Blitz"]
[Site "Chess.com"]
[Date "2017.04.18"]
[Round "2"]
[White "Ilja_Semjonovs"]
[Black "Grootneus"]
[Result "0-1"]
[WhiteElo "2191"]
[BlackElo "2084"]
[TimeControl "180+2"]
[EndTime "13:24:50 PDT"]
[Termination "Grootneus won by resignation"]

1. d4 Nf6 2. Nf3 c5 3. c3 d5 4. Bg5 Ne4 5. Bc1 Nc6 6. e3 Bg4 7. Nbd2 e6 8. Bd3 Nf6 9. O-O Bd6 10. h3 Bh5 11. Be2 Bg6 12. dxc5 Bxc5 13. b4 Bd6 14.
Bb2 O-O 15. a3 Rc8 16. c4 Bb8 17. Rc1 Qe7 18. Qb3 Rfd8 19. Rfd1 e5 20. cxd5 Nxd5 21. Nc4 e4 22. Nd4 Nxd4 23. Bxd4 Qc7 24. Be5 Qe7 25.
Bxb8 Rxb8 26. Na5 Nb6 27. Rxd8+ Rxd8 28. Qc3 Nd5 29. Qc8 h6 30. Qxb7 Qg5 31. Rd1 Kh7 32.
Nc6 Nxe3 33. fxe3 Qxe3+ 34. Kh1 Rxd1+ 35. Bxd1 Qe1+ 36. Kh2 Qxd1 37. Qxa7 Qd6+ 38. Kg1 Qxc6 39. a4 Qc1+ 40. Kh2 Qf4+ 41. Kg1 e3 42. b5 Qf2+ 43. Kh2 Qf4+ 44. Kg1 e2 45. Qe7 Qf1+ 46. Kh2 0-1

[Event "*** Qualifier 3: Titled Tuesday 3|2 Blitz"]
[Site "Chess.com"]
[Date "2017.04.18"]
[Round "2"]
[White "scrapnel"]
[Black "Grebeniuk-S"]
[Result "0-1"]
[WhiteElo "2377"]
[BlackElo "2411"]
[TimeControl "180+2"]
[EndTime "13:24:55 PDT"]
[Termination "Grebeniuk-S won by resignation"]

1. Nf3 Nf6 2. c4 e6 3. Nc3 d5 4. d4 Be7 5. Bg5 O-O 6. e3 Nbd7 7. Qc2 c6 8. Rd1 Re8 9. a3 a5 10. h3 dxc4 11. Bxc4 b5 12. Bd3 b4 13. Ne4 h6 14.
Bxf6 Nxf6 15. Nxf6+ Bxf6 16. Qxc6 Rb8 17. Qe4 g6 18.
Qf4 Bb7 19. Qxh6 Bxf3 20. Bxg6 fxg6 21. gxf3 Bg7 22. Qxg6 Qf6 23. Qe4 Qf5 24. Rg1 Qxe4 25. fxe4 Kf7 26. Rc1 Re7 27. a4 Rbb7 28. Rc5 Rec7 29.
Rgg5 e5 30. Rxa5 exd4 31. Rgf5+ Kg8 32. Ra8+ Kh7 33. exd4 Bxd4 34. b3 Rc2 35. Rd8 Bc3+ 36. Kf1 Re7 37. Rf4 Rb2 38. a5 Rxb3 39. a6 Ra3 40. Rd6 b3 41. Rb6 b2 42. Kg2 Rxa6 43.
Rh4+ Kg7 44. Rg4+ Kf7 45. Rf4+ Ke8 46. Rb3 Ra1 0-1

[Event "*** Qualifier 3: Titled Tuesday 3|2 Blitz"]
[Site "Chess.com"]
[Date "2017.04.18"]
[Round "2"]
[White "LawrenceTrent"]
[Black "prochn"]
[Result "1/2-1/2"]
[WhiteElo "2408"]
[BlackElo "2190"]
[TimeControl "180+2"]
[EndTime "13:24:55 PDT"]
[Termination "Game drawn by repetition"]

1. e4 c6 2. Ne2 d5 3. e5 d4 4. c3 c5 5. b4 d3 6. Nf4 c4 7. e6 Bxe6 8. Nxe6 fxe6 9. Qh5+ g6 10. Qb5+ Nc6 11. Qxc4 Qd5 12. Qxd5 exd5 13. Bxd3 Nf6 14.
O-O Bg7 15. Na3 O-O 16. Bc2 Ng4 17. Rb1 d4 18. b5 Na5 19. c4 d3 20. Bxd3 Bd4 21.
Nc2 Bxf2+ 22. Kh1 Bc5 23. Ba3 Bxa3 24. Nxa3 Nf2+ 25. Rxf2 Rxf2 26. Be4 Rxd2 27. Bd5+ Kg7 28. Re1 e5 29. h3 Rxa2 30. Nb1 Ra1 31. Rc1 Rf8 32. Kg1 Nb3 33. Rd1 Nd4 34. Bxb7 Ne2+ 35. Kh2 Ra2 36. Rd7+ Kh6 37. Nd2 Nd4 38. Ne4 Rff2 39.
Nxf2 Rxf2 40. Bd5 Rc2 41. Rxa7 Kg5 42. b6 Kf4 43. b7 Rb2 44. c5 e4 45. h4 Nf3+ 46. Kh3 Ng1+ 47. Kh2 Nf3+ 48. Kh3 Ng1+ 49.
Kh2 Nf3+ 50. Kh3 Ng1+ 51. Kh2 1/2-1/2

[Event "*** Qualifier 3: Titled Tuesday 3|2 Blitz"]
[Site "Chess.com"]
[Date "2017.04.18"]
[Round "2"]
[White "GulamaliRises"]
[Black "Keranke"]
[Result "0-1"]
[WhiteElo "2447"]
[BlackElo "2631"]
[TimeControl "180+2"]
[EndTime "13:24:59 PDT"]
[Termination "Keranke won by resignation"]

1. e4 g6 2. d4 Bg7 3. Nc3 d6 4. Be3 a6 5. Qd2 b5 6. f3 Nd7 7. Nd1 c5 8. c3 Bb7 9. Bd3 Ngf6 10. Ne2 O-O 11. O-O e5 12. d5 Qc7 13.
Nf2 c4 14. Bc2 a5 15. a4 bxa4 16. Rxa4 Nc5 17. Ra2 Nfd7 18. Rfa1 Rfb8 19. Bh6 Nf6 20. g4 Bc8 21. Nc1 Rb5 22. Bxg7 Kxg7 23. Bd1 Rab8 24.
Be2 Ncd7 25. Nd1 Ba6 26. b4 cxb3 27. Bxb5 bxa2 28. Bxa6 Qb6+ 29. Ne3 Qxa6 30. Qxa2 Qb6 31. Kf2 Ra8 32. Nd3 a4 33. Rb1 Qa6 34. Nb4 Qa7 35.
Nc6 Qc5 36. c4 Ra5 37. Nxa5 Qxa5 38. Rb5 Qc3 39. Qxa4 Qd2+ 40. Kf1 Qxe3 41. Rb3 Qd2 42.
Qa3 Nc5 43. Re3 Qxh2 44. Qc3 h5 45. g5 Qh3+ 46. Ke2 Qg2+ 47. Kd1 Qxg5 0-1

[Event "*** Qualifier 3: Titled Tuesday 3|2 Blitz"]
[Site "Chess.com"]
[Date "2017.04.18"]
[Round "2"]
[White "pKiLz5Rn9b"]
[Black "SwiftyMcBishop"]
[Result "0-1"]
[WhiteElo "2460"]
[BlackElo "2273"]
[TimeControl "180+2"]
[EndTime "13:25:13 PDT"]
[Termination "SwiftyMcBishop won on time"]

1. d4 d5 2. Nf3 Nf6 3. c4 dxc4 4. e3 e6 5. Bxc4 c5 6. O-O a6 7. Nc3 b5 8. Bb3 Bb7 9. e4 cxd4 10.
Nxd4 Nc6 11. Be3 Be7 12. Nxc6 Bxc6 13. e5 Nd7 14. Qg4 Nxe5 15. Qxg7 Bf6 16. Qg3 h5 17. Rad1 Qe7 18. Bf4 h4 19. Qe3 Nc4 20. Bxc4 bxc4 21.
Ne4 Bxe4 22. Qxe4 Rc8 23. Bd6 Qa7 24. Rfe1 h3 25. g3 Qa8 26. Qxa8 Rxa8 27. Ba3 Rb8 28. Re2 Rh5 29. Rc2 Rd5 30. Rdc1 Rdb5 31. Rb1 c3 32. b3 Ra5 33. Bc1 Rd5 34. Be3 a5 35. Kf1 a4 36.
b4 Kd7 37. Ke2 Kc6 38. a3 Kb5 39. g4 Kc4 40. Kf3 Be5 41. g5 Bxh2 42. Kg4 Kd3 43. Rbc1 Be5 44. Kxh3 Rc8 45. Kg2 Kc4 46. Rb1 Bd4 47.
Bf4 Kd3 48. Rbc1 Rf5 49. Kg3 e5 50. Be3 Bxe3 51. fxe3 Rxg5+ 52. Kf3 Rc6 0-1

[Event "*** Qualifier 3: Titled Tuesday 3|2 Blitz"]
[Site "Chess.com"]
[Date "2017.04.18"]
[Round "2"]
[White "Blitzstream"]
[Black "Dr-Bassem"]
[Result "1-0"]
[WhiteElo "2479"]
[BlackElo "2620"]
[TimeControl "180+2"]
[EndTime "13:25:18 PDT"]
[Termination "Blitzstream won on time"]

1. d4 Nf6 2. Bg5 Ne4 3. Bh4 g5 4. f3 gxh4 5. fxe4 d5 6. exd5 Qxd5 7. Nc3 Qg5 8. Nf3 Qh5 9. Qd3 Bh6 10. e3 h3 11. O-O-O Rg8 12. Rg1 Bf5 13. Qb5+ Nd7 14. Qxb7 Bxe3+ 15. Kb1 Rb8 16. Qxc7 Bxg1 17. Bb5 Rd8 18.
Ne5 Bxh2 19. gxh3 Bxe5 20. dxe5 Rg2 21. Ka1 Rxc2 22. Rg1 Qg6 23. Qxa7 Rg2 24. Rd1 Kf8 25. a4 Kg7 26. Qd4 e6 27. Bxd7 Rb8 28. Bb5 Qg3 29. a5 Rxb5 30. Nxb5 Qb3 31. Rg1 Rxg1+ 32. Qxg1+ Bg6 33.
Nc3 Qb4 34. Qb6 Qf4 35. a6 Qxe5 36. a7 Qe1+ 37. Ka2 Qh1 38. Qb8 Be4 39. Nxe4 Qxe4 40. a8=Q Qc4+ 41. Qb3 1-0

[Event "*** Qualifier 3: Titled Tuesday 3|2 Blitz"]
[Site "Chess.com"]
[Date "2017.04.18"]
[Round "2"]
[White "Fandorine"]
[Black "GianmarcoVaR"]
[Result "1-0"]
[WhiteElo "2686"]
[BlackElo "2471"]
[TimeControl "180+2"]
[EndTime "13:25:26 PDT"]
[Termination "Fandorine won by checkmate"]

1. e4 c6 2. d4 d5 3. e5 Bf5 4. h4 h5 5. Bd3 Bxd3 6. Qxd3 Qa5+ 7. Bd2 Qb6 8. Ne2 e6 9. b3 Ne7 10. c4 Nf5 11. Nbc3 Nd7 12. cxd5 cxd5 13. Nxd5 Qc6 14.
Ndf4 Nb6 15. Rc1 Qd7 16. Qe4 Rd8 17. Bc3 Ba3 18. Rd1 Ne7 19. O-O Rc8 20. Qd3 Ned5 21.
Bd2 g6 22. Ng3 Be7 23. Ne4 O-O 24. g3 Rc6 25. Nh3 Kg7 26. a4 Rfc8 27. a5 Na8 28. Nhg5 Nac7 29. Qf3 Bd8 30. Nd6 Bxg5 31. Bxg5 Ne8 32. Nxc8 Qxc8 33. Rc1 Nec7 34. Rxc6 bxc6 35. Rc1 Nb5 36. Qd3 Qf8 37. Rxc6 Qb4 38. Rc4 Qe1+ 39. Qf1 Qe4 40. Qg2 Qb1+ 41. Rc1 Qxb3 42. Qe4 Nbc3 43. Qf3 Qb2 44. Re1 Nb5 45. Bf6+ Kg8 46. Qd3 Nxd4 47.
Rb1 Qa2 48. Rb8+ Kh7 49. Rh8# 1-0

[Event "*** Qualifier 3: Titled Tuesday 3|2 Blitz"]
[Site "Chess.com"]
[Date "2017.04.18"]
[Round "2"]
[White "MyleneFarmer"]
[Black "ka1ser64"]
[Result "1-0"]
[WhiteElo "2333"]
[BlackElo "2324"]
[TimeControl "180+2"]
[EndTime "13:25:26 PDT"]
[Termination "MyleneFarmer won by resignation"]

1. e4 e6 2. d4 d5 3. Nc3 Nc6 4.
Nf3 Nf6 5. Bd3 Bb4 6. exd5 exd5 7. O-O O-O 8. Bg5 Be7 9. h3 Re8 10. Re1 Nb4 11. Ne5 Be6 12. Bb5 c6 13. Bf1 Bf5 14. Rc1 a5 15. a3 Na6 16. Qf3 Be4 17. Qe3 Bf5 18. Qf4 Be6 19. Bd3 Nh5 20. Bxe7 Nxf4 21.
Bxd8 Nxd3 22. Nxd3 Raxd8 23. Na4 Bf5 24. Ndc5 Nxc5 25.
Nxc5 Bc8 26. Kf1 Kf8 27. f3 h5 28. g4 h4 29. Kf2 Rxe1 30. Rxe1 Re8 31. Re5 Rxe5 32. dxe5 Ke7 33. f4 f6 34. exf6+ Kxf6 35. Kf3 Ke7 36. Nd3 b6 37. Ne5 Kd6 38. Ng6 c5 39. Nxh4 d4 40. Ng2 Bb7+ 41. Kf2 Be4 42. Ne1 c4 43. h4 b5 44. Nf3 Kd5 45. Ne1 a4 46. c3 Kc5 47. h5 Kd5 48. Ng2 dxc3 49.
bxc3 b4 50. cxb4 c3 51. Ne3+ Kd4 52. g5 c2 53. Nxc2+ Bxc2 54. g6 Kc4 55. Ke3 Kb3 56.
b5 Kxa3 57. b6 Bxg6 58. hxg6 1-0